 Dungeon Crawl Stone Soup version 0.31-a0-204-g7da18cac08 (webtiles) character file.

Game seed: 8875555969082786257

845 rocky1 the Carver (level 7, -3/56 HPs)
             Began as a Demigod Fighter on June 28, 2023.
             Slain by an ogre
             ... wielding a +0 giant club
              (20 damage)
             ... on level 5 of the Dungeon.
             The game lasted 00:08:53 (4116 turns).

rocky1 the Carver (Demigod Fighter)                 Turns: 4116, Time: 00:08:54

Health: -3/56      AC:  9    Str: 17    XL:     7   Next: 40%
Magic:  9/9        EV:  9    Int: 10    God:
Gold:   269        SH:  5    Dex: 21    Spells: 6/6 levels left

rFire   + . .        y - +5 falchion of a sewer {freeze, SInv}
rCold   . . .        c - +0 buckler
rNeg    + . .        b - +0 scale mail
rPois   .            (no helmet)
rElec   .            (no cloak)
rCorr   .            j - +0 pair of gloves
SInv    +            l - +1 pair of boots
Will    .....        (no amulet) Stlth
                     v - ring of protection from fire
HPRegen 0.29/turn    w - ring of positive energy
MPRegen 0.11/turn

%: no passive effects
@: no status effects
A: high MP 1, forlorn, divine attributes
a: no special abilities


You were on level 5 of the Dungeon.
You visited 1 branch of the dungeon, and saw 5 of its levels.
You also visited: Sewer.

You collected 269 gold pieces.

Inventory:

Hand Weapons
 a - a +0 long sword
 y - the +5 falchion of a sewer (weapon) {freeze, SInv}
   (You found it on level 4 of the Dungeon)

   SInv:      It lets you see invisible.
Missiles
 m - 10 poisoned darts (quivered)
 s - 6 boomerangs
Armour
 b - a +0 scale mail (worn)
 c - a +0 buckler (worn)
 j - a +0 pair of gloves (worn)
 l - a +1 pair of boots (worn)
Magical Staves
 k - a staff of death
Jewellery
 v - a ring of protection from fire (left hand)
 w - a ring of positive energy (right hand)
Wands
 p - a wand of mindburst (15)
 q - a wand of quicksilver (8)
 z - a wand of flame (2)
Scrolls
 d - 3 scrolls of enchant weapon {unknown}
 e - 2 scrolls of revelation {unknown}
 f - 3 scrolls of enchant armour
 h - 3 scrolls of immolation
 o - a scroll of teleportation {unknown}
 t - a scroll of blinking {unknown}
 u - 3 scrolls of fear
 A - 2 scrolls of identify
Potions
 g - 2 potions of resistance
 i - 4 potions of enlightenment
 n - a potion of curing
 r - 2 potions of brilliance {unknown}
 x - a potion of invisibility {unknown}
 B - a potion of cancellation {unknown}
 C - a potion of degeneration {unknown}


   Skills:
 - Level 2.6 Fighting
 * Level 8.2 Long Blades
 - Level 2.6 Armour
 - Level 2.6 Shields


You had 6 spell levels left.
You didn't know any spells.
Your spell library contained the following spells:

 Spells                   Type           Power      Damage    Failure   Level
 Apportation              Tloc           0%         N/A       86%         1
 Necrotise                Necr           0%         1d4       86%         1
 Slow                     Hex            0%         N/A       86%         1
 Summon Small Mammal      Summ           0%         N/A       86%         1
 Ensorcelled Hibernation  Hex/Ice        0%         N/A       94%         2
 Passwall                 Tmut/Erth      0%         N/A       94%         2
 Confusing Touch          Hex            0%         N/A       99%         3
 Swiftness                Air            0%         N/A       99%         3
 Vampiric Draining        Necr           0%         2d6       99%         3
 Anguish                  Hex/Necr       0%         N/A       100%        4
 Cause Fear               Hex            0%         N/A       100%        4
 Enfeeble                 Hex            0%         N/A       100%        7


Dungeon Overview and Level Annotations

Branches:
Dungeon (5/15)             Temple (0/1) D:4           Sewer (visited)

Shops:
D:5 (


Innate Abilities, Weirdness & Mutations

You have an increased reservoir of magic. (+10% MP)
You shall have no god before yourself.
Your divine heritage dramatically boosts your attributes as you level up.


Message History

The gnoll is almost dead.
The gnoll barely misses you. x2; You block the gnoll's attack.
You hit the gnoll. You freeze the gnoll.
You kill the gnoll!
The gnoll hits you from afar with a +0 halberd!
The gnoll hits you but does no damage.
You slash the gnoll! You freeze the gnoll.
The gnoll is almost dead.
You block the gnoll's attack.
The gnoll hits you from afar with a +0 halberd.
The gnoll hits you from afar with a +0 spear.
You hit the gnoll. You freeze the gnoll.
You kill the gnoll!
The gnoll hits you from afar with a +0 spear.
The gnoll hits you from afar with a +0 halberd!
An ogre comes into view. It is wielding a +0 giant club.
The ogre shouts!
The gnoll closely misses you. The gnoll barely misses you.
Things that are here:
a +0 whip; a +0 halberd You hit the gnoll.
You freeze the gnoll.
The gnoll is moderately wounded.
The gnoll hits you but does no damage. The gnoll misses you.
You slash the gnoll! You freeze the gnoll.
You kill the gnoll!
The gnoll barely misses you.
You hit the gnoll. You freeze the gnoll.
The gnoll is heavily wounded.
The gnoll barely misses you.
You slash the gnoll! You freeze the gnoll.
You kill the gnoll!
The ogre hits you with a +0 giant club!!
* * * LOW HITPOINT WARNING * * *
You see here a +0 spear.
You are too injured to fight recklessly!
Unknown command.
Okay, then.
You feel better.
The ogre hits you with a +0 giant club!!
You die...

.#########....#.# #...#
#..........#.# #...#
#.#####....... #...#
#.######).....
#...###.............
#...................
#.... ..##.##......
#..O# #.##.##......
#).@####.##.##......
#..))..........##.#.
.......####.##.#####...
####...# #.##.# #.##
#.### #..).# #.# #.
####.# #.# #.
######)####... #.
#.....)...#.##
.(.#.....#..<#


You could see an ogre.

Vanquished Creatures
  A water moccasin (D:3)
  Pargi (Sewer)
  2 scorpions (D:5)
  A jelly (D:4)
  2 orc priests (D:5)
  An iguana (D:4)
  Jessica (D:3)
  Natasha (thrice) (D:2)
  2 orc wizards (D:5)
  7 adders
  8 gnolls
  An ufetubus (D:5)
  4 worms
  2 dart slugs (D:2)
  14 orcs
  6 ball pythons
  5 endoplasms
  7 giant cockroaches
  10 hobgoblins
  5 kobolds
  3 quokkas
  3 bats
  5 frilled lizards
  8 goblins
  A rat (D:3)
103 creatures vanquished.

Vanquished Creatures (others)
  A ball python (D:2)
1 creature vanquished.

Grand Total: 104 creatures vanquished

Notes
Turn   | Place    | Note
-------+----------+-------------------------------------------
     0 | D:1      | rocky1 the Demigod Fighter began the quest for the Orb.
     0 | D:1      | Reached XP level 1. HP: 18/18 MP: 3/3
    46 | D:1      | Reached skill level 2 in Long Blades
   165 | D:1      | Reached XP level 2. HP: 22/25 MP: 4/4
   458 | D:1      | Reached skill level 3 in Long Blades
   627 | D:2      | Reached XP level 3. HP: 16/30 MP: 5/5
   817 | D:2      | Noticed Natasha
   833 | D:2      | Killed Natasha
   972 | D:2      | Noticed Natasha
   987 | D:2      | Killed Natasha
   988 | D:2      | Reached skill level 4 in Long Blades
   988 | D:2      | Reached XP level 4. HP: 18/37 MP: 6/6
  1052 | D:2      | Noticed Natasha
  1072 | D:2      | Killed Natasha
  1322 | D:2      | Identified the +3 spear "Gaixud" {venom, rElec rN+++ Dex-2
                  | Stlth-}
  1724 | D:3      | Noticed Jessica
  1733 | D:3      | Killed Jessica
  1734 | D:3      | Reached skill level 5 in Long Blades
  1734 | D:3      | Reached XP level 5. HP: 31/42 MP: 7/7
  1795 | D:3      | Found a glowing drain.
  1820 | Sewer    | Entered a sewer
  1964 | Sewer    | Noticed Pargi
  1974 | Sewer    | Killed Pargi
  2082 | D:3      | Noticed a water moccasin
  2096 | D:3      | Killed a water moccasin
  2097 | D:3      | Reached skill level 6 in Long Blades
  2097 | D:3      | Reached XP level 6. HP: 38/50 MP: 8/8
  2762 | D:4      | Found a staircase to the Ecumenical Temple.
  2977 | D:4      | Identified the +5 falchion of a sewer {freeze, SInv}
  3359 | D:4      | Reached skill level 7 in Long Blades
  3721 | D:5      | Entered Level 5 of the Dungeon
  3819 | D:5      | Reached XP level 7. HP: 56/56 MP: 9/9
  3886 | D:5      | Found Pauran's Weapon Boutique.
  3983 | D:5      | Reached skill level 8 in Long Blades
  4116 | D:5      | Slain by an ogre

Illustrated notes

Levels and vault maps discovered:
D:1:      scummos_arrival_hexagon, layout_rooms, minmay_pentomino_u2
D:2:      layout_rooms, uniq_natasha
D:3:      layout_rooms, mainiacjoe_overflow_paths, cheibrodos_sewer_entry_drain,
          uniq_jessica
D:4:      layout_gridville, nemelex_spade_bored_becter,
          minmay_temple_entry_gardened_gates
D:5:      layout_loops_ring, serial_shops, nicolae_take_the_stairs,
          minmay_fractal_squares_diagonal_5

Skill      XL: |  1  2  3  4  5  6  7 |
---------------+----------------------+-----
Long Blades    | 2 3 4 5 6 7 8 |  8.2
Fighting       | |  2.6
Armour         | |  2.6
Shields        | |  2.6

Action                     |  1- 3 |  4- 6 |  7- 9 || total
---------------------------+-------+-------+-------++-------
  Melee: Long sword        |   107 |   128 |       ||   235
         Falchion          |       |    49 |    34 ||    83
  Throw: Dart              |       |     2 |       ||     2
    Use: Potion            |       |     1 |     1 ||     2
         Scroll            |       |     6 |       ||     6
 Armour: Scale mail        |    63 |    76 |    13 ||   152
  Dodge: Dodged            |    62 |    77 |    12 ||   151
  Block: Buckler           |    35 |    41 |     5 ||    81

Table legend: (Time is in decaauts)
 A = Elapsed time spent in this place.
 B = Non-inter-level travel time spent in this place.
 C = Inter-level travel time spent in this place.
 D = Time resting spent in this place.
 E = Time spent auto-exploring this place.
 F = Levels seen in this place.
 G = Mean time per level.
                   A        B        C        D        E       F      G
               +--------+--------+--------+--------+--------+-----+--------+
         Total |   4209 |   4087 |    122 |    944 |   2056 |   6 |  701.5 |
       Dungeon |   3961 |   3839 |    122 |    844 |   2056 |   5 |  792.2 |
         Sewer |    248 |    248 |      0 |    100 |      0 |   1 |  248.0 |
               +--------+--------+--------+--------+--------+-----+--------+

Top non-repeatable levels by time:
     D:4: 1241 daAuts
     D:2: 979 daAuts
     D:3: 734 daAuts
     D:1: 614 daAuts
     D:5: 391 daAuts
   Sewer: 248 daAuts
